Unix NetHack Version 5.0.0-0 post-release - last build May 23 2026 06:08:33 (1c0ff79ee797540d5714e4e18072db0edd9e58ae,branch:main).

Game began 2026-05-24 13:46:30, ended 2026-05-24 13:59:25.

Atomicjoy, chaotic male elven Wizard

                      -----
                      |...|      --------
                      |...|######......<|       ---------
                   ###....|#     |.....(|      #........|
                   #  |...|#     .......|      #|.......|
                   #  |...|#     -----.--     ##........+#
 --------    #######  |...|#                  # ---------#
 |......| ####        --.--#                  #          #
 |.......#              #### #        #       #          #
 |...._.----       #######################  ###
 ----......|     ###     @        ------.-----#
    |.......######       o        |.....>.....#
    |......|             ##       |..........|#
    --------           ---.- #    |).........|
                       |..[-## ###...........|
                       |...|  ##  ------------
                       |...+ ##
                       |...|
                       -----

Atomicjoy the Evoker      St:11 Dx:13 Co:12 In:20 Wi:11 Ch:8  Chaotic
Dlvl:3  $:323 HP:0(15) Pw:6(8) AC:9  Xp:1/6 T:971 

Latest messages:
 A redwood wand lands on the altar.
 A red gem lands on the altar.
 A - an uncursed crude dagger.
 p - a cursed pair of fencing gloves.
 y - a cursed pair of walking shoes.
 s - an uncursed food ration.
 t - an uncursed scroll labeled READ ME.
 z - an uncursed paperback book named Wyrd Sisters.
 B - an uncursed spellbook of blank paper.
 D - a cursed orange potion.
 q - 2 blessed potions of healing.
 u - an uncursed redwood wand.
 C - an uncursed red gem.
 You see here 7 gold pieces.
 $ - 7 gold pieces (320 in total).
 You see here a mace.
 You descend the stairs.
 You feel like you've been here before.
 You see here a werejackal corpse.
 You climb up the stairs.
 You swap places with your kitten.
 Double run prefix, canceled.
 The door opens.
 You swap places with your kitten.
 In what direction? 6
 The door resists!
 In what direction? 6
 The door resists!
 In what direction? 6
 The door closes.
 In what direction? 6
 This door is already closed.
 You kill the newt!
 This door is locked.
 In what direction? 4
 The door crashes open!
 The door opens.
 You see here a banded mail.
 You see here 3 gold pieces.
 $ - 3 gold pieces (323 in total).
 The goblin wields a mace!
 Are you waiting to get hit?  Use 'm' prefix to force a no-op (to rest).
 The goblin swings his mace.
 The goblin hits!
 In what direction? 6
 Ouch!  That hurts!
 The goblin swings his mace.
 The goblin hits!
 You die...
 Do you want your possessions identified? [ynq] (y) q

Inventory:
 Coins    ('$')
  $ - 323 gold pieces
 Weapons  (')')
  A - a +0 orcish dagger
  a - a blessed +1 quarterstaff (weapon in hands)
 Armor    ('[')
  p - a cursed +0 pair of gauntlets of dexterity
  y - a cursed -3 pair of low boots
  b - an uncursed +0 cloak of magic resistance (being worn)
 Comestibles  ('%')
  s - an uncursed food ration
 Scrolls  ('?')
  j - an uncursed scroll of magic mapping
  i - an uncursed scroll of remove curse
  t - an uncursed scroll of stinking cloud
  k - an uncursed scroll of teleportation
 Spellbooks  ('+')
  z - an uncursed novel named Wyrd Sisters
  B - an uncursed spellbook of blank paper
 Potions  ('!')
  g - a blessed potion of gain energy
  q - 2 blessed potions of healing
  h - 3 uncursed potions of healing
  D - a cursed potion of invisibility
  f - an uncursed potion of levitation
 Rings    ('=')
  d - an uncursed ring of shock resistance
  e - an uncursed ring of teleport control
 Wands    ('/')
  u - a wand of light (0:11)
  c - a wand of make invisible (0:6)
 Tools    ('(')
  o - an uncursed wooden harp
  n - a magic marker (0:20)
 Gems/Stones  ('*')
  C - an uncursed worthless piece of red glass

Atomicjoy the Wizard's attributes:

Background:
 You were an Evoker, a level 1 male elven Wizard.
 You were chaotic, on a mission for Anhur
 who was opposed by Ptah (lawful) and Thoth (neutral).
 You were left-handed.
 You were in the Dungeons of Doom, on level 3.
 You entered the dungeon 971 turns ago.
 You had 6 experience points, 14 more were needed to attain level 2.

Basics:
 You had 0 out of 15 hit points.
 You had 6 out of 8 energy points (spell power).
 Your armor class was 9.
 Your wallet contained 323 zorkmids.
 Autopickup was off.

Final Characteristics:
 Your strength was 11 (limit:18).
 Your dexterity was 13 (limit:18).
 Your constitution was 12 (limit:16).
 Your intelligence was 20 (limit:20).
 Your wisdom was 11 (limit:20).
 Your charisma was 8 (limit:18).

Final Status:
 You weren't hungry.
 You were unencumbered.
 You were wielding a quarterstaff.
 You had basic skill with quarterstaff.

Final Attributes:
 You were devoutly aligned.
 You were magic-protected.
 You had infravision.
 You were warded.
 You are dead.

Miscellaneous:
 You encountered 1 bones level.
 Total elapsed playing time was 12 minutes and 54 seconds.

Major events:
 Turn
    1: Atomicjoy the chaotic male elven Wizard entered the dungeon
  564: entered the Gnomish Mines
  971: killed by a goblin

Spells:
 Name                 Level Category     Fail Retention
 force bolt             1   attack         0%  91%-100%
 cause fear             3   enchantment   15%  91%-100%

Skills:
 Fighting Skills
   bare handed combat [Unskilled]
   riding             [Unskilled]
 Weapon Skills
   dagger             [Unskilled]
   knife              [Unskilled]
   axe                [Unskilled]
   short sword        [Unskilled]
   club               [Unskilled]
   mace               [Unskilled]
   quarterstaff       [Basic]
   polearms           [Unskilled]
   spear              [Unskilled]
   trident            [Unskilled]
   sling              [Unskilled]
   dart               [Unskilled]
   shuriken           [Unskilled]
 Spellcasting Skills
   attack spells      [Basic]
   healing spells     [Unskilled]
   divination spells  [Unskilled]
   enchantment spells [Basic]
   clerical spells    [Unskilled]
   escape spells      [Unskilled]
   matter spells      [Unskilled]

Voluntary challenges:
 Character rerolling was not enabled.
 You were illiterate.
 You never genocided any monsters.
 You never polymorphed an object.
 You never changed form.
 You used no wishes.
Achievements:
 You entered a shop.
 You entered the Gnomish Mines.

 The Dungeons of Doom: levels 1 to 4
    Level 1:
    Level 2:
       A scroll shop.
       Stairs down to The Gnomish Mines.
    Level 3: <- You were here.
       An altar to Anhur.
       Final resting place for
          you, killed by a goblin.
    Level 4:
       A sink.
       Final resting place for
          Atomicjoy-Wiz-Elf-Mal-Cha, killed by a kitten.
 The Gnomish Mines:
    Level 3:


Vanquished creatures:
  a gecko
  a jackal
  2 foxes
  a goblin
  a lichen
  6 newts
12 creatures vanquished.

No species were genocided or became extinct.

Game over:
                       ----------
                      /          \
                     /    REST    \
                    /      IN      \
                   /     PEACE      \
                  /                  \
                  |    Atomicjoy     |
                  |      323 Au      |
                  |   killed by a    |
                  |      goblin      |
                  |                  |
                  |                  |
                  |       2026       |
                 *|     *  *  *      | *
        _________)/\\_//(\/(/\)/\//\/|_)_______

Goodbye Atomicjoy the Wizard...

You died in The Dungeons of Doom on dungeon level 3 with 465 points,
and 323 pieces of gold, after 971 moves.
You were level 1 with a maximum of 15 hit points when you died.

